 Dungeon Crawl Stone Soup version 0.28-b1-25-g9875b3fc8c (webtiles) character file.

Game seed: 14950812332061680879

99194 BorgnjorsVileCrotch the Warrior (level 15, -10/126 (144) HPs)
             Began as a Minotaur Fighter on Feb 1, 2022.
             Was a High Priest of Ru.
             Succumbed to a redback's poison
             ... on level 4 of the Lair of Beasts.
             The game lasted 00:18:29 (26907 turns).

BorgnjorsVileCrotch the Warrior (Minotaur Fighter) Turns: 26907, Time: 00:18:30

HP:   -10/126 (144) AC: 26    Str: 27    XL:     15   Next: 77%
MP:   13/14         EV: 12    Int:  5    God:    Ru [*****.]
Gold: 1158          SH: 17    Dex: 11    Spells: 14/14 levels left

rFire   + . .      SeeInvis +   K - +9 broad axe of the Badger {protect, Fragile +Blink rN++ SInv}
rCold   + . .      Faith    .   x - +0 tower shield
rNeg    + + .      Spirit   +   q - +4 scale mail {rF+}
rPois   .          Reflect  .   E - +2 hat
rElec   +          Harm     .   (no cloak)
rCorr   .          Rampage  .   D - +2 pair of gloves
Will    ++...                   i - +2 pair of boots
Stlth   ..........              l - amulet of guardian spirit
HPRegen 0.31/turn               m - +4 ring of protection
MPRegen 0.14/turn               g - ring "Eddeustiu" {rElec rC+ Will+}

@: lethally poisoned (-10 -> -61), exhausted, heavily drained
A: horns 2, no stealth, inability to use devices, no air magic, no
translocations magic, no transmutations magic, unskilled 1, retaliatory headbutt
a: Renounce Religion, Draw Out Power, Power Leap, Apocalypse


You were on level 4 of the Lair of Beasts.
You worshipped Ru.
Ru was extremely pleased with you.
You visited 5 branches of the dungeon, and saw 25 of its levels.
You visited the Abyss 1 time.

You collected 2044 gold pieces.
You spent 886 gold pieces at shops.

Inventory:

Hand Weapons
 v - a +2 hand axe of distortion
   (You took it off an orc on level 4 of the Dungeon)
 G - a +0 broad axe of electrocution
   (You took it off an orc warrior on level 10 of the Dungeon)
 I - a +2 eveningstar of freezing
   (You took it off Urug on level 1 of the Lair of Beasts)
 K - the +9 broad axe of the Badger (weapon) {protect, Fragile +Blink rN++ SInv}
   (You found it on level 5 of the Lair of Beasts)

   It grants its wielder temporary protection when it strikes (+7 to AC).
   rN:        It greatly protects you from negative energy.
   SInv:      It lets you see invisible.
   +Blink:    It lets you blink.
   Fragile:   It will be destroyed if unequipped.
 P - a +2 war axe of flaming
   (You took it off a vault guard on level 14 of the Dungeon)
Missiles
 h - 3 throwing nets {!f}
 C - 3 curare-tipped darts (quivered)
Armour
 i - a +2 pair of boots (worn)
   (You found it on level 1 of the Dungeon)
 q - a +4 scale mail of fire resistance (worn)
   (You took it off Harold on level 7 of the Dungeon)
 x - a +0 tower shield (worn)
   (You took it off an orc warlord on level 2 of the Orcish Mines)
 y - a +1 chain mail of fire resistance
   (You found it on level 8 of the Dungeon)
 D - a +2 pair of gloves (worn)
   (You found it on level 9 of the Dungeon)
 E - a +2 hat (worn)
   (You took it off Gastronok on level 11 of the Dungeon)
Jewellery
 g - the ring "Eddeustiu" (right hand) {rElec rC+ Will+}
   (You bought it in a shop on level 8 of the Dungeon)

   [ring of willpower]

   rC:        It protects you from cold.
   rElec:     It insulates you from electricity.
   Will:      It increases your willpower.
 j - a ring of willpower
   (You found it on level 2 of the Dungeon)
 l - an amulet of guardian spirit (around neck)
   (You found it on level 11 of the Dungeon)
 m - a +4 ring of protection (left hand)
   (You found it on level 2 of the Dungeon)
Scrolls
 e - a scroll of vulnerability
 p - 3 scrolls of teleportation {@r3 !r}
 s - a scroll of holy word
 t - 8 scrolls of blinking {@r4}
 B - 3 scrolls of immolation
 F - 3 scrolls of fear {!r}
 J - 10 scrolls of identify {@r1}
 M - a scroll of silence
 N - a scroll of fog {!r}
Potions
 a - a potion of invisibility
 b - 3 potions of attraction
 d - 7 potions of might {@q3 !q}
 f - a potion of cancellation
 k - a potion of berserk rage
 n - 2 potions of resistance
 o - 5 potions of heal wounds {@q2 !q}
 r - 5 potions of mutation
 u - 2 potions of ambrosia
 w - a potion of magic
 z - 2 potions of lignification {@q6}
 A - 14 potions of curing {@q1 !q}
 H - 2 potions of brilliance


   Skills:
 * Level 16.1 Fighting
 * Level 15.7 Axes
 + Level 13.7 Armour
 + Level 11.3 Dodging
 + Level 13.8 Shields


You had 14 spell levels left.
You didn't know any spells.
Your spell library contained the following spells:

 Spells                   Type           Power      Damage    Failure   Level
 Animate Skeleton         Necr           0%         N/A       99%         1
 Pain                     Necr           0%         1d4       99%         1
 Conjure Flame            Conj/Fire      0%         6-21      100%        3
 Dazzling Flash           Conj/Hex       0%         N/A       100%        3
 Frozen Ramparts          Ice            0%         1d2       100%        3
 Stone Arrow              Conj/Erth      0%         3d7       100%        3
 Tukima's Dance           Hex            0%         N/A       100%        3
 Vampiric Draining        Necr           0%         2d6       100%        3
 Animate Armour           Summ/Erth      0%         N/A       100%        4
 Dispel Undead            Necr           0%         3d6       100%        4
 Sticky Flame             Conj/Fire      0%         2d3       100%        4
 Summon Ice Beast         Ice/Summ       0%         N/A       100%        4
 Agony                    Necr           0%         N/A       100%        5
 Excruciating Wounds      Necr           0%         N/A       100%        5
 Simulacrum               Ice/Necr       0%         N/A       100%        6
 Lehudib's Crystal Spear  Conj/Erth      0%         10d2      100%        8
 Polar Vortex             Ice            0%         N/A       100%        9
 Static Discharge         Conj/Air       Unusable   N/A       N/A         2
 Ignite Poison            Fire/Tmut/Pois Unusable   N/A       N/A         3
 Portal Projectile        Hex/Tloc       Unusable   N/A       N/A         3
 Ice Form                 Ice/Tmut       Unusable   N/A       N/A         4
 Freezing Cloud           Conj/Ice/Air   Unusable   6-21      N/A         5

Dungeon Overview and Level Annotations

Branches:
Dungeon (15/15)            Temple (1/1) D:4            Lair (6/6) D:8
  Swamp (0/4) Lair:3       Spider (1/4) Lair:4        Slime (0/5) Lair:5
    Orc (2/2) D:11            Elf (0/3) Orc:2        Vaults (0/5) D:14
 Depths (0/4) D:15

Altars:
Ashenzari
Cheibriados
Dithmenos
Elyvilon
Fedhas
Gozag
Hepliaklqana
Kikubaaqudgha
Makhleb
Nemelex Xobeh
Okawaru
Qazlal
Ru
Sif Muna
Trog
Uskayaw
Vehumet
Wu Jian
Xom
Yredelemnul
Zin
The Shining One

Shops:
D:3 (*   D:4 =(!(   D:8 =   Orc:2 *([(=*=:[

Annotations:
D:2 1 runed translucent door, Crazy Yiuf
D:6 2 runed translucent doors
D:10 2 transporters, brob1's ghost, journeyman DjFE
D:11 3 runed translucent doors, Ereiziar's ghost, journeyman DsFi
D:15 1 exclusion
Abyss:1 Blork the orc; Erolcha


Innate Abilities, Weirdness & Mutations

You have a pair of horns on your head.
You cannot be stealthy.
You cannot study or use magical devices.
You cannot study or cast Air magic.
You cannot study or cast Translocations magic.
You cannot study or cast Transmutations magic.
You are somewhat unskilled. (-1 Apt)
You reflexively headbutt those who attack you in melee.


Message History

You feel sick.
You feel sick.
You feel sick.
You feel sick.
You feel sick.
You feel sick.
You feel sick.
You are no longer poisoned.
You feel less exhausted.
Magic restored.
HP restored.
Done exploring.
Done exploring.
You climb downwards.
Welcome back to the Spider Nest!
This branch contains the gossamer rune of Zot.
You block the tarantella's attack.
The wolf spider hits you but does no damage.
The wolf spider bites you but does no damage.
The redback misses you. You furiously retaliate!
You headbutt the redback! You block the redback's attack.
The jumping spider is stunned by your conviction and fails to attack.
You block the tarantella's attack. The wolf spider hits you.
The wolf spider bites you. The redback misses you.
The redback bites you but does no damage.
The jumping spider pounces on you.
You are caught in a web!
The jumping spider bites you but does no damage.
There is a crawl-hole back to the Lair, spattered with blood here.
You are caught in a web!
You are caught in a web!
You are caught in a web!
You are caught in a web!
The tarantella touches you but does no damage.
You redirect the wolf spider's attack!
The wolf spider hits the jumping spider!
The wolf spider misses the jumping spider.
The redback barely misses you. You furiously retaliate!
You headbutt the redback. You block the redback's attack.
The jumping spider pounces on you.
You are caught in a web!
You focus your inner power and illuminate the jumping spider in retribution!
The jumping spider bites you but does no damage.
The tarantella touches you but does no damage.
The wolf spider hits you! The wolf spider bites you.
You are poisoned.
The wolf spider poisons you! The redback bites you.
You are more poisoned.
The redback poisons you!
You feel extremely sick. You block the redback's attack.
The jumping spider begins to attack, but is stunned by your conviction!
You block the tarantella's attack.
The wolf spider hits you but does no damage.
The wolf spider bites you but does no damage.
The redback bites you.
You are lethally poisoned!
The redback poisons you!
A boulder beetle comes into view.
You redirect the culicivora's attack!
The redback bites you!
You are more poisoned.
The redback poisons you!
The jumping spider leaps!
You closely miss the tarantella. Your headbutt misses the tarantella.
You slice the redback!!
Your weapon exudes an aura of protection.
You kill the redback!
You slash the redback! You slash the wolf spider!
You feel extremely sick. You block the tarantella's attack.
The wolf spider hits you but does no damage.
The wolf spider bites you but does no damage.
You block the redback's attack.
The boulder beetle curls into a ball and begins rolling!
You redirect the jumping spider's attack!
The tarantella touches you but does no damage.
The wolf spider hits you but does no damage.
The wolf spider misses you.
You are restored by drawing out deep reserves of power within.
You feel drained.
You feel extremely sick.
The wolf spider is healed somewhat.
You block the redback's attack. The tarantella misses you.
The wolf spider hits you but does no damage.
You block the wolf spider's attack. You block the culicivora's attack.
The redback barely misses you. You furiously retaliate!
You headbutt the redback.
You are too injured to fight recklessly!
* * * LOW HITPOINT WARNING * * *
You feel extremely sick. You block the tarantella's attack.
You block the wolf spider's attack. x2
The wolf spider's wounds heal themselves!
The redback bites you but does no damage.
The tarantella touches you.
* * * LOW HITPOINT WARNING * * *
The jumping spider leaps!
The wolf spider hits you but does no damage.
You block the wolf spider's attack.
You climb upwards.
Welcome back to the Lair of Beasts!
* * * LOW HITPOINT WARNING * * *
You feel extremely sick.
There is a hole to the Spider Nest here.
You die...

......÷.......###............#...
..#.#............#...............
...#......>.............P........
..##.............#.....P....#P...
....##.#...P.#....##......##.....
.....#....P.#######..............
.......[...#.......#......P#.....
......#....#..###..#.............
..........#..#.#@#..#............
...#.###..#.##s>s##.#............
...####...#..#ss.#..##..#..#..##.
....###....#..###..#.#..###....##
.#.........#...#...#....≈..≈≈.##
...#..#P....##...##.....≈≈≈≈≈≈.##
...........<..###.#P..≈≈≈≈≈≈≈≈≈.#
.#....................≈≈≈≈≈≈≈≈≈≈.
................(...#.≈≈≈≈.≈≈≈≈.P


You could see a wolf spider, a culicivora, a tarantella and a redback.

Vanquished Creatures
  A tentacled starspawn (Abyss:2)
  Gastronok (D:11)
  An orc warlord (Orc:2)
  A dire elephant (Lair:5)
  An entropy weaver (Lair:4)
  Snorg (D:13)
  2 great orbs of eyes
  4 boulder beetles
  6 vault guards (D:14)
  Harold (D:7)
  A death knight (D:12)
  A catoblepas (D:15)
  5 hydras
  4 ogre magi (Orc:2)
  7 centaur warriors
  16 two-headed ogres
  Urug (Lair:1)
  Nergalle (Lair:1)
  A skeletal warrior (D:12)
  A wretched star (Abyss:3)
  An orb spider (Spider:1)
  A phantasmal warrior (D:12)
  A deep elf pyromancer (D:15)
  11 ugly things
  2 wolf spiders (Spider:1)
  2 cyclopes
  18 elephants
  4 centaur zombies
  2 manticores
  3 black mambas
  2 gargoyles
  2 smoke demons (Abyss:2)
  A guardian serpent (shapeshifter) (D:14)
  A torpor snail (Spider:1)
  3 rime drakes
  6 cane toads
  An efreet (D:13)
  An unseen horror (D:6)
  4 komodo dragons
  A demonic crawler (Spider:1)
  A tengu conjurer (D:13)
  A meliai (Lair:4)
  2 polar bears
  4 trolls
  A hornet (D:9)
  Prince Ribbit (D:6)
  3 tarantellas
  10 blink frogs
  3 large abominations
  12 slime creatures
  A centaur simulacrum (D:15)
  3 jumping spiders
  4 wraiths (D:12)
  2 shadows
  2 vampires
  A culicivora (Spider:1)
  A wyvern (Lair:5)
  Sigmund (D:6)
  2 basilisks (D:15)
  A spriggan (Lair:5)
  22 yaks
  14 redbacks
  7 vampire mosquitoes
  A steam dragon (D:9)
  3 acid dragons
  3 wargs
  7 water moccasins
  Duvessa (D:4)
  16 orc warriors
  3 ice beasts
  5 black bears
  3 sky beasts
  35 ogres
  17 wolves
  8 centaurs
  A phantom (D:6)
  4 kobold brigands
  11 bullfrogs
  2 scorpions (D:5)
  Dowan (D:4)
  9 killer bees
  3 wights (D:9)
  7 howler monkeys
  4 electric eels
  2 bullfrog zombies (D:5)
  2 gnoll shamans
  8 orc priests
  A bullfrog skeleton (D:5)
  10 hounds
  6 jellies
  5 iguanas
  12 orc wizards
  Terence (D:2)
  A killer bee zombie (D:7)
  A hound skeleton (D:4)
  Robin (D:2)
  13 adders
  7 gnolls
  3 shadow imps
  A white imp (D:7)
  An ufetubus (D:6)
  An adder skeleton (D:4)
  A worm (D:3)
  4 dart slugs
  71 orcs
  12 endoplasms
  A giant cockroach (D:1)
  6 hobgoblins
  4 jackals (D:1)
  21 kobolds
  2 quokkas
  5 ball pythons
  6 bats
  3 frilled lizards
  15 goblins
  3 rats
597 creatures vanquished.

Vanquished Creatures (others)
  3 hydras
  An orc knight (D:13)
  A rime drake (Lair:2)
  An orc warrior (D:5)
  An ogre (Orc:2)
  47 fungi
  44 plants
  3 starspawn tentacles (Abyss:2)
101 creatures vanquished.

Grand Total: 698 creatures vanquished

Notes
Turn   | Place    | Note
-------+----------+-------------------------------------------
     0 | D:1      | BorgnjorsVileCrotch the Minotaur Fighter began the quest
                  | for the Orb.
     0 | D:1      | Reached XP level 1. HP: 19/19 MP: 0/0
   198 | D:1      | Reached XP level 2. HP: 24/27 MP: 1/1
   399 | D:1      | Reached skill level 3 in Axes
   665 | D:1      | Reached skill level 4 in Fighting
   665 | D:1      | Reached XP level 3. HP: 32/33 MP: 2/2
  1268 | D:2      | Reached skill level 4 in Armour
  1268 | D:2      | Reached skill level 4 in Shields
  1372 | D:2      | Found a runed translucent door.
  1373 | D:2      | Noticed Crazy Yiuf
  1518 | D:2      | Noticed Terence
  1518 | D:2      | Noticed Robin
  1539 | D:2      | Killed Terence
  1540 | D:2      | Reached XP level 4. HP: 24/40 MP: 3/3
  1543 | D:2      | Killed Robin
  1544 | D:2      | Reached skill level 4 in Axes
  2168 | D:3      | Found a faded altar of an unknown god.
  2216 | D:3      | Noticed a black bear
  2217 | D:3      | Noticed an ogre
  2223 | D:3      | Killed a black bear
  2224 | D:3      | Reached XP level 5. HP: 47/47 MP: 4/4
  2344 | D:3      | Identified the +10 dagger of War {elec, Dex+3}
  2445 | D:3      | Reached skill level 5 in Axes
  2520 | D:3      | Found Piufrone's Weapon Emporium.
  2527 | D:3      | Found Seudaw's General Store.
  2531 | D:3      | Bought a scroll of blinking for 75 gold pieces
  2989 | D:4      | Reached XP level 6. HP: 43/55 MP: 5/5
  3108 | D:4      | Reached skill level 5 in Fighting
  3108 | D:4      | Reached skill level 5 in Armour
  3108 | D:4      | Reached skill level 5 in Shields
  3116 | D:4      | Found Liomunn's Antique Weapon Emporium.
  3143 | D:4      | Found a staircase to the Ecumenical Temple.
  3209 | Temple   | Entered the Ecumenical Temple
  3456 | Temple   | Became a worshipper of Ru the Awakened
  3505 | D:4      | Found Guarileumi's Distillery.
  3972 | D:4      | Reached skill level 6 in Axes
  3972 | D:4      | Reached XP level 7. HP: 61/61 MP: 6/6
  3972 | D:4      | Found Vofued's Jewellery Emporium.
  3974 | D:4      | Found Odghieruo's Antique Weapon Boutique.
  3984 | D:4      | Noticed Duvessa
  3985 | D:4      | Noticed Dowan
  3996 | D:4      | Killed Duvessa
  3997 | D:4      | Killed Dowan
  4293 | D:4      | Bought a potion of curing for 33 gold pieces
  4481 | D:5      | Entered Level 5 of the Dungeon
  4542 | D:5      | Reached skill level 7 in Axes
  4549 | D:5      | Found a hide-covered altar of Uskayaw.
  4554 | D:5      | Reached skill level 6 in Fighting
  4554 | D:5      | Reached skill level 6 in Armour
  4554 | D:5      | Reached skill level 6 in Shields
  4785 | D:5      | Reached XP level 8. HP: 70/70 MP: 7/7
  4924 | D:5      | Reached skill level 8 in Axes
  4984 | D:5      | Noticed Blork the orc
  4997 | D:5      | Banished Blork the orc
  4998 | D:5      | Gained mutation: You are somewhat unskilled. (-1 Apt) [Ru
                  | sacrifice]
  4998 | D:5      | Reduced skill Axes to level 7
  4998 | D:5      | Reached * piety under Ru
  5449 | D:5      | Reached skill level 8 in Axes
  5759 | D:3      | Bought a scroll of enchant weapon for 75 gold pieces
  5759 | D:3      | Bought a scroll of teleportation for 30 gold pieces
  6156 | D:6      | Reached skill level 1 in Dodging
  6156 | D:6      | Reached XP level 9. HP: 62/78 MP: 8/8
  6247 | D:6      | Found a large runed translucent door.
  6247 | D:6      | Found a large runed translucent door.
  6281 | D:6      | Killed an unseen horror
  6282 | D:6      | Reached skill level 9 in Axes
  6303 | D:6      | Reached skill level 7 in Armour
  6447 | D:6      | Identified the +9 long sword "Dragonslayer" {venom, rC+ rN+
                  | Int-4}
  6463 | D:6      | Noticed a manticore
  6463 | D:6      | Noticed Prince Ribbit
  6463 | D:6      | Noticed a cyclops
  6476 | D:6      | Reached skill level 7 in Fighting
  6480 | D:6      | Reached skill level 2 in Dodging
  6480 | D:6      | Reached skill level 7 in Shields
  6603 | D:6      | Found a large runed translucent door.
  6603 | D:6      | Found a large runed translucent door.
  6743 | D:6      | Noticed Sigmund
  6747 | D:6      | Killed Sigmund
  7005 | D:6      | Killed Prince Ribbit
  7006 | D:6      | Reached skill level 3 in Dodging
  7014 | D:6      | Killed a manticore
  7015 | D:6      | Reached skill level 10 in Axes
  7015 | D:6      | Reached XP level 10. HP: 56/86 MP: 9/9
  7029 | D:6      | Killed a cyclops
  7237 | D:6      | Got the Almanac of Enchantment
  7293 | D:7      | Identified the +1 scale mail "Doamyoh" {Stlth+}
  7347 | D:7      | Noticed Harold
  7369 | D:7      | Killed Harold
  7575 | D:7      | Reached skill level 8 in Fighting
  7576 | D:7      | Reached skill level 8 in Shields
  7603 | D:7      | Reached skill level 8 in Armour
  7687 | D:7      | Reached skill level 4 in Dodging
  8075 | D:7      | Gained mutation: You cannot study or use magical devices.
                  | [Ru sacrifice]
  8075 | D:7      | Reached ** piety under Ru
  8075 | D:7      | Reached *** piety under Ru
  8075 | D:7      | Reached **** piety under Ru
  8323 | D:8      | Reached skill level 11 in Axes
  8439 | D:8      | Found a staircase to the Lair.
  9080 | D:8      | Found Sacoacw's Jewellery Boutique.
  9554 | D:9      | Paralysed by a hornet for 2 turns
  9566 | D:9      | Reached XP level 11. HP: 44/95 MP: 10/10
 10235 | D:9      | Reached skill level 5 in Dodging
 10379 | D:10     | Entered Level 10 of the Dungeon
 10379 | D:10     | Noticed a two-headed ogre
 10391 | D:10     | Killed a two-headed ogre
 10432 | D:10     | Gained mutation: You cannot study or cast Air magic. [Ru
                  | sacrifice]
 10432 | D:10     | Gained mutation: You cannot study or cast Transmutations
                  | magic. [Ru sacrifice]
 10432 | D:10     | Gained mutation: You cannot study or cast Translocations
                  | magic. [Ru sacrifice]
 10432 | D:10     | Reached ***** piety under Ru
 10760 | D:10     | Found a transporter.
 10800 | D:10     | Found a transporter.
 10804 | D:10     | Noticed brob1's ghost (journeyman DjFE)
 10849 | D:10     | Reached skill level 9 in Fighting
 10849 | D:10     | Reached skill level 12 in Axes
 10937 | D:10     | Reached skill level 9 in Shields
 11094 | D:10     | Reached skill level 9 in Armour
 11385 | D:11     | Found a staircase to the Orcish Mines.
 11598 | D:11     | Noticed a two-headed ogre
 11608 | D:11     | Killed a two-headed ogre
 11970 | D:11     | Found a runed translucent gate.
 11970 | D:11     | Found a runed translucent gate.
 11970 | D:11     | Found an opulent altar of Gozag.
 11970 | D:11     | Found a runed translucent gate.
 11970 | D:11     | Noticed Ereiziar's ghost (journeyman DsFi)
 11970 | D:11     | Noticed a fire dragon
 11991 | D:11     | Noticed Gastronok
 12008 | D:11     | Killed Gastronok
 12009 | D:11     | Reached skill level 6 in Dodging
 12252 | D:8      | Bought the ring "Eddeustiu" {rElec rC+ Will+} for 506 gold
                  | pieces
 12314 | Orc:1    | Entered Level 1 of the Orcish Mines
 12763 | Orc:2    | Entered Level 2 of the Orcish Mines
 12769 | Orc:2    | Reached skill level 13 in Axes
 13140 | Orc:2    | Found Roudy's Armour Shoppe.
 13161 | Orc:2    | Found Ukhumawn's Book Emporium.
 13165 | Orc:2    | Found Boal Uni's Jewellery Shoppe.
 13220 | Orc:2    | Found Noefetre's Weapon Emporium.
 13220 | Orc:2    | Found Zoamap's General Store.
 13220 | Orc:2    | Found Diymn's Armour Boutique.
 13220 | Orc:2    | Found Gyn Evish's Jewellery Emporium.
 13220 | Orc:2    | Noticed a two-headed ogre
 13220 | Orc:2    | Noticed a two-headed ogre
 13220 | Orc:2    | Noticed a two-headed ogre
 13220 | Orc:2    | Noticed an ogre mage
 13220 | Orc:2    | Noticed an ogre mage
 13220 | Orc:2    | Noticed an ogre mage
 13220 | Orc:2    | Noticed an ogre mage
 13220 | Orc:2    | Noticed a two-headed ogre
 13220 | Orc:2    | Noticed a two-headed ogre
 13221 | Orc:2    | Noticed a two-headed ogre
 13221 | Orc:2    | Noticed a two-headed ogre
 13221 | Orc:2    | Noticed a two-headed ogre
 13223 | Orc:2    | Killed a two-headed ogre
 13223 | Orc:2    | Killed an ogre mage
 13223 | Orc:2    | Killed an ogre mage
 13223 | Orc:2    | Killed a two-headed ogre
 13223 | Orc:2    | Killed an ogre mage
 13223 | Orc:2    | Killed a two-headed ogre
 13223 | Orc:2    | Killed an ogre mage
 13223 | Orc:2    | Killed a two-headed ogre
 13223 | Orc:2    | Killed a two-headed ogre
 13223 | Orc:2    | Killed a two-headed ogre
 13223 | Orc:2    | Killed a two-headed ogre
 13223 | Orc:2    | Killed a two-headed ogre
 13224 | Orc:2    | Reached skill level 10 in Fighting
 13224 | Orc:2    | Reached skill level 14 in Axes
 13224 | Orc:2    | Reached skill level 10 in Armour
 13224 | Orc:2    | Reached skill level 7 in Dodging
 13224 | Orc:2    | Reached skill level 10 in Shields
 13224 | Orc:2    | Reached XP level 12. HP: 61/108 MP: 2/11
 13435 | Orc:2    | Noticed a two-headed ogre
 13439 | Orc:2    | Noticed a two-headed ogre
 13446 | Orc:2    | Banished a two-headed ogre
 13460 | Orc:2    | Killed a two-headed ogre
 13461 | Orc:2    | Reached skill level 11 in Fighting
 13463 | Orc:2    | Noticed a two-headed ogre
 13471 | Orc:2    | Killed a two-headed ogre
 13595 | Orc:2    | Noticed a two-headed ogre
 13607 | Orc:2    | Killed a two-headed ogre
 13608 | Orc:2    | Reached skill level 8 in Dodging
 13632 | Orc:2    | Reached skill level 11 in Shields
 13632 | Orc:2    | Reached XP level 13. HP: 94/116 MP: 12/12
 13638 | Orc:2    | Noticed an orc warlord
 13648 | Orc:2    | Reached skill level 11 in Armour
 13708 | Orc:2    | Killed an orc warlord
 13871 | Orc:2    | Found Tosoveo's General Store.
 13880 | Orc:2    | Bought a scroll of blinking for 127 gold pieces
 13880 | Orc:2    | Bought 4 curare-tipped darts for 40 gold pieces
 13891 | Orc:2    | Found Pyagof's Antique Weapon Emporium.
 14081 | Orc:2    | Found a staircase to the Elven Halls.
 14504 | Lair:1   | Entered Level 1 of the Lair of Beasts
 14504 | Lair:1   | Noticed Urug
 14518 | Lair:1   | Killed Urug
 14526 | Lair:1   | Noticed Nergalle
 14736 | Lair:1   | Killed Nergalle
 14856 | Lair:1   | Reached skill level 12 in Fighting
 15561 | Lair:2   | Reached skill level 9 in Dodging
 16769 | Lair:3   | Reached skill level 12 in Shields
 16771 | Lair:3   | Reached skill level 12 in Armour
 16772 | Lair:3   | Found a staircase to the Swamp.
 17224 | Lair:4   | Found a hole to the Spider Nest.
 17232 | Lair:4   | Reached skill level 13 in Fighting
 17357 | Lair:4   | Reached XP level 14. HP: 116/129 MP: 9/13
 18285 | Lair:5   | Reached skill level 14 in Fighting
 18291 | Lair:5   | Reached skill level 10 in Dodging
 18661 | Lair:5   | Found a staircase to the Slime Pits.
 18922 | Lair:5   | Identified the +9 broad axe of the Badger {protect, Fragile
                  | +Blink rN++ SInv}
 19466 | Lair:5   | Gained mutation: You cannot be stealthy. [Ru sacrifice]
 19915 | Lair:6   | Entered Level 6 of the Lair of Beasts
 20760 | D:12     | Reached skill level 13 in Armour
 20760 | D:12     | Reached skill level 13 in Shields
 21866 | D:13     | Noticed Snorg
 21884 | D:13     | Reached skill level 15 in Fighting
 21885 | D:13     | Killed Snorg
 22128 | D:13     | Noticed Erolcha
 22142 | D:13     | Banished Erolcha
 22156 | D:13     | Reached XP level 15. HP: 141/141 MP: 14/14
 23207 | D:14     | Found a gate to the Vaults.
 23226 | D:14     | Reached skill level 15 in Axes
 23909 | D:15     | Entered Level 15 of the Dungeon
 23917 | D:15     | Reached skill level 11 in Dodging
 24913 | D:15     | Found a staircase to the Depths.
 25129 | D:15     | Noticed a sphinx
 25132 | D:15     | a sphinx changed into a dire elephant
 25740 | D:15     | Cast into level 2 of the Abyss (unwielding a weapon of
                  | distortion)
 25740 | Abyss:2  | Found a corrupted altar of Lugonu.
 25784 | Abyss:2  | Noticed a tentacled starspawn
 25792 | Abyss:2  | Killed a tentacled starspawn
 25823 | Abyss:2  | Noticed a lich
 26133 | D:15     | Escaped the Abyss
 26359 | Spider:1 | Entered Level 1 of the Spider Nest
 26379 | Lair:4   | Reached skill level 16 in Fighting
 26906 | Lair:4   | HP: 1/126 [poisoned by a redback]
 26907 | Lair:4   | Succumbed to a redback's poison

Illustrated notes

Levels and vault maps discovered:
D:1:      minmay_arrival_stone_box, layout_basic
D:2:      layout_loops_cross, minmay_puff, uniq_robin, uniq_crazy_yiuf_cottage,
          uniq_terence
D:3:      layout_loops_ring, serial_shops, nicolae_diamond_shop, shop,
          nicolae_ecumenical_oubliette, lightli_corner_chamber
D:4:      layout_basic, minmay_temple_entry_enclosed_plants, serial_shops, shop,
          shop, nicolae_square_shop, nicolae_shop_window_shopping, uniq_duvessa
D:5:      layout_basic, eat_drink_and_be_merry_uskayaw, st_stairs_12,
          minmay_starry_boxes, uniq_blork_the_orc
D:6:      layout_loops_ring, minmay_hollow_rounded_squares, uniq_prince_ribbit1,
          uniq_sigmund
D:7:      wander_river, layout_basic, uniq_harold
D:8:      layout_loops_corners, erik_lair_island, serial_shops,
          nicolae_stop_n_shop_2
D:9:      layout_roguey, grunt_decor_mini_mirrors
D:10:     layout_gridville, gammafunk_ghost_berserking_beasts
D:11:     layout_rooms, orc_0_dummy, ebering_ghost_gozag, serial_bayou_lagoon_b,
          uniq_gastronok
D:12:     layout_gridville
D:13:     wad_crossroads, layout_basic, uniq_erolcha, uniq_snorg
D:14:     layout_stronghold, erik_vaults_2, nicolae_two_hexagons
D:15:     gammafunk_enter_depths_forms, layout_long_grid, nicolae_wwwww,
          tgw_trog
Temple:   mainiacjoe_temple_archimedes_tessellation
Lair:1:   layout_cave_shapes, nicolae_lair_grove_arrangements,
          grunt_megastairs_2, lemuel_fruit_tree, uniq_nergalle, uniq_urug
Lair:2:   layout_chaotic_city, portal_ice_cave_rime
Lair:3:   layout_gridlike, minmay_swamp_entry_swarm, minivault_27
Lair:4:   layout_misc_corridors, hellmonk_spider_entry_not_the_bees,
          infiniplex_staircase_pool_2
Lair:5:   mu_elephants_graveyard, layout_cellular_growth,
          nicolae_slime_entry_slimehenge
Lair:6:   gammafunk_lair_ancient_temple, layout_regular_city
Spider:1: layout_spider_delve
Orc:1:    layout_caves
Orc:2:    st_orc_ogre_mass, layout_caves, serial_shops, nicolae_shop_stone,
          shop, shop_coins, nicolae_diamond_shop, shop

Skill      XL: |  1  2  3  4  5  6  7  8  9 10 11 12 13 14 15 |
---------------+----------------------------------------------+-----
Axes           | 3 4 5 6 7 8 10 11 14 15 | 15.7
Fighting       | 4 5 6 7 8 10 11 13 15 16 | 16.1
Armour         | 4 5 6 7 8 10 12 13 | 13.7
Shields        | 4 5 6 7 8 10 11 12 13 | 13.8
Dodging        | 1 3 4 7 8 9 10 11 | 11.3

Action                   |  1- 3 |  4- 6 |  7- 9 | 10-12 | 13-15 || total
-------------------------+-------+-------+-------+-------+-------++-------
Melee: War axe           |    68 |    93 |       |       |       ||   161
       Headbutt          |     4 |    23 |    34 |    90 |   309 ||   460
       Hand axe          |       |    31 |   197 |   465 |  1062 ||  1755
       Broad axe         |       |       |       |       |    63 ||    63
Throw: Dart              |       |       |       |     1 |     1 ||     2
Invok: Sacrifice Skill   |       |       |     1 |       |       ||     1
       Sacrifice Artific |       |       |       |     1 |       ||     1
       Draw Out Power    |       |       |       |     2 |     7 ||     9
       Power Leap        |       |       |       |     1 |     3 ||     4
       Apocalypse        |       |       |       |     1 |     2 ||     3
       Sacrifice Arcana  |       |       |       |     1 |       ||     1
       Reject Sacrifices |       |       |       |     1 |     1 ||     2
       Sacrifice Stealth |       |       |       |       |     1 ||     1
  Use: Potion            |     3 |       |       |       |       ||     3
       Scroll            |       |       |    10 |    12 |    10 ||    32
 Stab: Distracted        |       |       |       |     2 |     2 ||     4
       Invisible         |       |       |       |     1 |     4 ||     5
       Petrified         |       |       |       |       |     3 ||     3
       Paralysed         |       |       |       |       |     3 ||     3
Armor: Scale mail        |    43 |     5 |       |   117 |   509 ||   674
       Chain mail        |       |    55 |    62 |       |       ||   117
       Plate armour      |       |       |    22 |     6 |       ||    28
Dodge: Dodged            |    33 |    23 |    35 |   151 |   373 ||   615
Block: Buckler           |    43 |    44 |    69 |   139 |     6 ||   301
       Reflection        |       |       |       |     7 |       ||     7
       Tower shield      |       |       |       |       |   851 ||   851
